[Event "Team 45 45 League T79"]
[Site "Internet Chess Club"]
[Date "2019.01.05"]
[Round "2"]
[White "fishhead"]
[Black "Percival"]
[Result "1-0"]
[WhiteElo "1744"]
[BlackElo "1931"]
[Opening "Alekhine's defense: Scandinavian variation"]
[ECO "B02"]
[Time "19:02:54"]
[TimeControl "2700+45"]

1. e4 Nf6 2. Nc3 d5 3. e5 d4 4. exf6 dxc3 5. fxg7 cxd2+ 6. Qxd2 Qxd2+ 7. Bxd2
Bxg7 8. O-O-O Nc6 9. Bb5 Bd7 10. Ne2 O-O-O 11. Nf4 a6 12. Be2 Nd4 13. Bc4 Bh6
14. Nd5 Bxd2+ 15. Rxd2 Nc6 16. Re1 Be6 17. Ne3 Bxc4 18. Nxc4 e6 19. f4 Rhg8 20.
Ne3 Nb4 21. a3 Rxd2 22. Kxd2 Nd5 23. g3 Rd8 24. Ke2 Nxe3 25. Kxe3 Rd5 26. g4 f6
27. c4 Rd6 28. h4 h6 29. g5 fxg5 30. fxg5 hxg5 31. hxg5 Kd7 32. g6 Ke8 33. Rf1
Rd7 34. Rf6 Rg7 35. Kf4 Kd7 36. Ke5 Re7 37. c5 c6 38. Rf8 {Black resigns} 1-0

[Event "Team 45 45 League T79"]
[Site "Internet Chess Club"]
[Date "2019.01.02"]
[Round "2"]
[White "THE-WARRIOR"]
[Black "room-matt"]
[Result "1-0"]
[WhiteElo "1543"]
[BlackElo "1803"]
[Opening "Budapest defense declined"]
[ECO "A51"]
[Time "12:00:22"]
[TimeControl "2700+45"]

1. d4 Nf6 2. c4 e5 3. e3 exd4 4. exd4 Bb4+ 5. Bd2 Qe7+ 6. Be2 O-O 7. Bxb4 Qxb4+
8. Qd2 Nc6 9. Nf3 Re8 10. Nc3 Qxc4 11. O-O Qb4 12. a3 Qb6 13. Bc4 Na5 14. Ba2
Nb3 15. Bxb3 Qxb3 16. Rfe1 d6 17. Rxe8+ Nxe8 18. Re1 Bg4 19. Ng5 h6 20. Nge4 f5
21. Ng3 Nf6 22. h3 f4 23. Qxf4 Qxb2 24. Nce4 Nxe4 25. Qxe4 Bd7 26. Qd5+ Kh7 27.
Re7 Bc6 28. Qf5+ Kh8 29. Qg4 Rg8 30. Nf5 Qc1+ 31. Kh2 Qg5 32. Qxg5 hxg5 33. Rxc7
Rf8 34. Ne7 Rxf2 35. Nxc6 bxc6 36. Rxc6 d5 37. Rc5 Rf5 38. Kg3 Kh7 39. Ra5 Kg6
40. Rxa7 Rf4 41. Ra4 Kf5 42. Rb4 Ke4 43. Rb3 Kxd4 44. Rb4+ Ke5 45. Rxf4 gxf4+
46. Kf3 d4 47. a4 d3 48. Kf2 Kd4 49. Ke1 Kc3 50. Kd1 Kb4 51. a5 Kxa5 52. Kd2 Kb4
53. Kxd3 g5 54. Ke4 Kc4 55. Kf5 Kd5 56. Kxg5 Ke4 57. Kg4 Ke3 58. h4 Ke4 59. h5
Ke5 60. Kg5 Ke6 61. Kxf4 Kf6 62. g4 Kg7 63. g5 {Black resigns} 1-0

[Event "Team 45 45 League T79"]
[Site "Internet Chess Club"]
[Date "2019.01.05"]
[Round "2"]
[White "LinceHispano44"]
[Black "Covenanteer"]
[Result "1-0"]
[WhiteElo "1718"]
[BlackElo "1582"]
[Opening "Neo-Grünfeld defense"]
[ECO "D70"]
[Time "06:30:26"]
[TimeControl "2700+45"]

1. Nf3 Nf6 2. c4 g6 3. d4 d5 4. cxd5 Nxd5 5. e4 Nb6 6. Bb5+ Bd7 7. Bxd7+ Qxd7 8.
O-O Bg7 9. Nc3 Nc6 10. d5 Ne5 11. Bf4 Nbc4 12. Nxe5 Nxe5 13. Rc1 O-O 14. Qe2
Rac8 15. Rfd1 Rfd8 16. h3 a6 17. Be3 Qd6 18. f4 Nd7 19. e5 Qb4 20. Rd4 Qb6 21.
Rc4 c5 22. Na4 Qa5 23. Nxc5 Nxc5 24. b4 Qb5 25. bxc5 Rxd5 26. Qc2 Qc6 27. Rb4
Bf8 28. Rb6 Qxb6 29. cxb6 Rxc2 30. Rxc2 Ra5 31. Rc7 Rxa2 32. Rxb7 e6 33. Rc7 Kg7
34. b7 Rb2 35. Ba7 {Black resigns} 1-0

[Event "Team 45 45 League T79"]
[Site "Internet Chess Club"]
[Date "2019.01.07"]
[Round "2"]
[White "idjit"]
[Black "Goli"]
[Result "0-1"]
[WhiteElo "1597"]
[BlackElo "1692"]
[Opening "Pirc: Austrian attack, 6.Bd3"]
[ECO "B06"]
[Time "15:02:05"]
[TimeControl "2700+45"]

1. e4 g6 2. d4 Bg7 3. Nc3 d6 4. f4 Nf6 5. Nf3 O-O 6. Bd3 c5 7. Be3 cxd4 8. Nxd4
Nc6 9. Qd2 Ng4 10. Nf3 Nxe3 11. Qxe3 Bg4 12. h3 Bxf3 13. Qxf3 Rc8 14. Rb1 a6 15.
O-O b5 16. Nd5 e6 17. Ne3 Qb6 18. Kh1 Nb4 19. a3 Nxd3 20. cxd3 Bd4 21. Ng4 h5
22. Nf2 Rc2 23. Nd1 Rfc8 24. f5 exf5 25. exf5 Qc6 26. fxg6 f6 27. Nc3 Qxf3 28.
Rxf3 Kg7 29. Nd5 Bxb2 30. Ne3 Rc1+ {White resigns} 0-1

[Event "Team 45 45 League T79"]
[Site "Internet Chess Club"]
[Date "2019.01.05"]
[Round "2"]
[White "janh"]
[Black "fledermaus"]
[Result "0-1"]
[WhiteElo "1883"]
[BlackElo "1823"]
[Opening "Queen's pawn: Chigorin variation"]
[ECO "D00"]
[Time "14:00:31"]
[TimeControl "2700+45"]

1. d4 d5 2. Nc3 Nf6 3. Bf4 c5 4. e3 cxd4 5. exd4 Bg4 6. f3 Bd7 7. Bd3 Nc6 8. Nb5
Rc8 9. Qe2 e6 10. c3 Na5 11. Nxa7 Nh5 12. Be5 f6 13. f4 g6 14. Nxc8 fxe5 15.
Qxe5 Bg7 16. Nd6+ Ke7 17. Nf5+ gxf5 18. Qe3 Kf7 19. Nf3 Re8 20. O-O Nf6 21. Ne5+
Kg8 22. Rae1 Nc6 23. Qh3 Nxe5 24. fxe5 Ne4 25. Kh1 Rf8 26. g4 fxg4 27. Qg2 Rxf1+
28. Rxf1 Qh4 29. Kg1 Bh6 30. Bxe4 Be3+ 31. Kh1 dxe4 32. Qe2 g3 33. Re1 Bf2
{White resigns} 0-1

[Event "Team 45 45 League T79"]
[Site "Internet Chess Club"]
[Date "2019.01.04"]
[Round "2"]
[White "Manas"]
[Black "primerpaso"]
[Result "0-1"]
[WhiteElo "1737"]
[BlackElo "1766"]
[Opening "Sicilian defense"]
[ECO "B20"]
[Time "19:32:57"]
[TimeControl "2700+45"]

1. e4 c5 2. b3 Nc6 3. Bb2 e6 4. Nf3 Nf6 5. e5 Nd5 6. c4 Nc7 7. Nc3 d6 8. exd6
Bxd6 9. Ne4 O-O 10. Be2 e5 11. O-O Ne6 12. d3 b6 13. Qd2 Bb7 14. Nfg5 Nf4 15. g3
Nxe2+ 16. Qxe2 Be7 17. Nf3 f6 18. a3 Qd7 19. Kg2 Rad8 20. Rad1 f5 21. Nc3 Nd4
22. Qxe5 Bxf3+ 23. Kg1 Bxd1 {White resigns} 0-1

[Event "Team 45 45 League T79"]
[Site "Internet Chess Club"]
[Date "2019.01.05"]
[Round "2"]
[White "Portola"]
[Black "bennywins"]
[Result "1-0"]
[WhiteElo "1746"]
[BlackElo "1710"]
[Opening "Queen's pawn game, Darooha variation "]
[ECO "D02"]
[Time "10:30:58"]
[TimeControl "2700+45"]

1. d4 d5 2. Nf3 Nf6 3. c3 h6 4. Bf4 Bf5 5. h3 e6 6. e3 a6 7. Nbd2 c5 8. Be2 Bd6
9. Ne5 Qc7 10. Bh2 Nfd7 11. f4 Nxe5 12. fxe5 Be7 13. Nf3 c4 14. O-O O-O 15. Qd2
b5 16. a3 a5 17. Qe1 Nc6 18. g4 Bh7 19. Qd2 Qd8 20. Bg3 b4 21. axb4 axb4 22.
Rfc1 Na5 23. Bd1 Qb6 24. Ra4 Rfb8 25. Rca1 bxc3 26. bxc3 Bd8 27. Be1 Ra7 28. Qa2
Qb2 29. Qxb2 Rxb2 30. Bd2 Rab7 31. Bc1 R2b5 32. Nd2 Nb3 33. Nxb3 cxb3 34. Bb2
Rb8 35. Bf3 Bd3 36. Rd1 Bc2 37. Rda1 Kh7 38. Kf2 f5 39. Ke2 fxg4 40. Bxg4 R5b6
41. Ra6 Kg6 42. Bxe6 Bf5 43. Rg1+ Bg5 44. Rxb6 Rxb6 45. Bxd5 Bxh3 46. Ra1 Bf5
47. c4 h5 48. c5 Rb5 49. Ra6+ Kh7 50. Bc4 Rb4 51. Bd5 {Black resigns} 1-0

[Event "Team 45 45 League T79"]
[Site "Internet Chess Club"]
[Date "2019.01.02"]
[Round "2"]
[White "SuperPuzzler"]
[Black "QuieroAprender"]
[Result "1-0"]
[WhiteElo "1736"]
[BlackElo "1635"]
[Opening "Ruy Lopez: closed, Smyslov defense"]
[ECO "C93"]
[Time "17:07:07"]
[TimeControl "2700+45"]

1. e4 e5 2. Nf3 Nc6 3. Bb5 a6 4. Ba4 Nf6 5. O-O b5 6. Bb3 Be7 7. Re1 O-O 8. c3
d6 9. h3 h6 10. d4 Bb7 11. Bc2 exd4 12. cxd4 Nb4 13. Nbd2 Nxc2 14. Qxc2 Rc8 15.
b3 d5 16. e5 Ne4 17. Bb2 c5 18. dxc5 Bxc5 19. Nxe4 dxe4 20. Rad1 Qb6 21. Nd4 Bb4
22. Qe2 Bxe1 23. Rxe1 Bd5 24. Nf5 Rce8 25. Nxg7 Kxg7 26. e6+ f6 27. Qg4+ Kh8 28.
Qg6 Qxe6 29. Qxh6+ Kg8 30. Qg6+ Kh8 31. Re3 Rf7 32. Rg3 Ref8 33. Qh6+ {Black
resigns} 1-0

[Event "Team 45 45 League T79"]
[Site "Internet Chess Club"]
[Date "2019.01.08"]
[Round "2"]
[White "Knight77"]
[Black "Percival"]
[Result "0-1"]
[WhiteElo "1756"]
[BlackElo "1940"]
[Opening "Réti: King's Indian attack"]
[ECO "A08"]
[Time "06:01:51"]
[TimeControl "2700+45"]

1. Nf3 d5 2. g3 c5 3. Bg2 Nc6 4. O-O e5 5. d3 Nf6 6. e4 d4 7. Nbd2 Be7 8. h3 Qc7
9. Re1 O-O 10. Nf1 Ne8 11. g4 Be6 12. Ng3 Nd6 13. a3 c4 14. Nxe5 Nxe5 15. f4
cxd3 16. cxd3 Bh4 17. fxe5 Bxg3 18. exd6 Qxd6 19. Rf1 Rac8 20. Bd2 Qb6 21. Bb4
Rfe8 22. Qd2 Qb5 23. Rac1 b6 24. Rxc8 Rxc8 25. Be7 Qb3 26. Rb1 Rc2 27. Qd1 Rxb2
28. Qxb3 Rxb3 29. Rxb3 Bxb3 30. Bg5 Bd6 31. Bc1 Bc2 32. Bf1 b5 33. Kf2 b4 34. e5
Be7 35. axb4 Bxb4 36. Kf3 Bc3 37. Ke4 a5 38. Ba3 Bb3 39. Bg2 f6 40. exf6 gxf6
41. Bc5 a4 42. Bxd4 Bxd4 43. Kxd4 a3 44. Kc3 a2 45. Kb2 Kf7 46. Be4 h6 47. h4
Ke7 48. h5 Kd6 49. d4 Bd1 50. Bf5 Kd5 51. Kxa2 Kxd4 52. Kb2 Ke3 53. Kc3 Kf4 54.
Kd4 Bxg4 55. Bxg4 Kxg4 {White resigns} 0-1

[Event "Team 45 45 League T79"]
[Site "Internet Chess Club"]
[Date "2019.01.05"]
[Round "2"]
[White "Merciful"]
[Black "santiagoelawad"]
[Result "1/2-1/2"]
[WhiteElo "1996"]
[BlackElo "1937"]
[Opening "Caro-Kann: exchange, Rubinstein variation"]
[ECO "B13"]
[Time "09:05:58"]
[TimeControl "2700+45"]

1. e4 c6 2. d4 d5 3. exd5 cxd5 4. Bf4 Nf6 5. c3 Nc6 6. Bd3 Bg4 7. Qb3 Qd7 8. Nd2
e6 9. Ngf3 Bd6 10. Bxd6 Qxd6 11. O-O O-O 12. Rae1 Bh5 13. Ne5 Rfc8 14. Ndf3 Qc7
15. Qd1 Rab8 16. Qd2 b5 17. Nxc6 Qxc6 18. Ne5 Qc7 19. Re3 Bg6 20. Nxg6 hxg6 21.
Rh3 b4 22. Qg5 bxc3 23. bxc3 Qxc3 24. Qh4 Kf8 25. Ba6 Qb2 26. Bxc8 Rxc8 27. Rb3
Qxa2 28. Rb7 a5 29. Qf4 Qc2 30. Rb8 Ke7 31. Rxc8 Qxc8 32. Rc1 Qa6 33. Qc7+ Nd7
34. h3 Qb6 35. Qc3 Qb5 36. Ra1 Qb4 37. Qxb4+ axb4 38. Rb1 Nb6 39. Rxb4 Nc4 40.
Kf1 g5 41. Ke2 Kf6 42. Kd3 Nd6 43. f3 Nf5 44. Rb7 Nh4 45. Rb2 Kf5 46. g3 Ng6 47.
Rb7 Kf6 48. Rb4 Ne7 49. Ke2 Nc6 50. Ra4 Ne7 51. Kf2 Nf5 52. Rb4 Nd6 53. Rb6 Nc4
54. Rc6 Kf5 55. Rc7 Kg6 56. Rc6 Na5 57. Rb6 Nc4 58. Rc6 Kf6 59. Ra6 Ke7 60. Ra7+
Kf6 61. Ra6 {Game drawn by mutual agreement} 1/2-1/2

[Event "Team 45 45 League T79"]
[Site "Internet Chess Club"]
[Date "2019.01.06"]
[Round "2"]
[White "achessman"]
[Black "gnat"]
[Result "1/2-1/2"]
[WhiteElo "1900"]
[BlackElo "1988"]
[Opening "KP: Nimzovich defense"]
[ECO "B00"]
[Time "07:05:40"]
[TimeControl "2700+45"]

1. e4 Nc6 2. Nf3 d6 3. Bc4 Nf6 4. Nc3 e6 5. d4 a6 6. a3 d5 7. Bd3 e5 8. dxe5
dxe4 9. exf6 exd3 10. fxg7 Bxg7 11. O-O Bg4 12. Re1+ Kf8 13. Qxd3 Qxd3 14. cxd3
Bxf3 15. gxf3 Nd4 16. Rd1 Rg8 17. Kh1 Nxf3 18. Bf4 Be5 19. Bxe5 Nxe5 20. Ne4 Rd8
21. Rac1 Rxd3 22. Rxd3 Nxd3 23. Rxc7 f5 24. Rc8+ Kg7 25. Rxg8+ Kxg8 26. Nd6
Nxf2+ 27. Kg2 Nd3 28. Nxb7 Nxb2 29. Nc5 a5 30. Kf3 Kf7 31. Kf4 Kg6 32. a4 Kh5
33. Kxf5 Kh4 34. h3 Nc4 35. Nb3 h5 36. Kg6 Ne5+ 37. Kh6 Nc6 {Game drawn by
mutual agreement} 1/2-1/2

[Event "Team 45 45 League T79"]
[Site "Internet Chess Club"]
[Date "2019.01.03"]
[Round "2"]
[White "jjimalo"]
[Black "ArturitoGalacti"]
[Result "1-0"]
[WhiteElo "1760"]
[BlackElo "1893"]
[Opening "Dutch"]
[ECO "A80"]
[Time "15:00:51"]
[TimeControl "2700+45"]

1. d4 f5 2. Nc3 Nf6 3. Bg5 d5 4. Bxf6 exf6 5. e3 Be6 6. Bd3 Qd7 7. Qf3 Nc6 8. a3
O-O-O 9. Nge2 g5 10. h3 h5 11. g3 h4 12. O-O-O Ne7 13. gxh4 Rxh4 14. Ng3 c6 15.
Kb1 Kb8 16. Na4 b6 17. Nh5 Ng8 18. Nc3 Bd6 19. Ne2 Qh7 20. Nhg3 Ne7 21. Qg2 Rh8
22. Qf3 Qg6 23. Rdg1 Rxh3 24. Rxh3 Rxh3 25. Rh1 Rxh1+ 26. Qxh1 g4 27. Qh8+ Qg8
28. Qxf6 Kc7 29. Nxf5 Nxf5 30. Bxf5 Bxf5 31. Qxf5 g3 32. Nxg3 Bxg3 33. fxg3 Qh8
34. g4 Qh1+ 35. Ka2 c5 36. g5 cxd4 37. exd4 Kd6 38. g6 Qg2 39. c3 Qe2 40. g7
{Black resigns} 1-0

[Event "Team 45 45 League T79"]
[Site "Internet Chess Club"]
[Date "2019.01.05"]
[Round "2"]
[White "Monterrey"]
[Black "janh"]
[Result "1/2-1/2"]
[WhiteElo "1894"]
[BlackElo "1884"]
[Opening "Nimzo-Indian: classical variation"]
[ECO "E32"]
[Time "21:04:36"]
[TimeControl "2700+45"]

1. d4 Nf6 2. c4 e6 3. Nc3 Bb4 4. Qc2 O-O 5. Nf3 d5 6. cxd5 exd5 7. Bg5 Be7 8. e3
c6 9. Bd3 h6 10. Bh4 Re8 11. O-O Nbd7 12. h3 Ne4 13. Bxe4 dxe4 14. Qxe4 Bxh4 15.
Qxh4 Qb6 16. Rab1 Nf6 17. Qf4 Be6 18. e4 Bc4 19. Rfd1 Qa6 20. Ne5 Rad8 21. Rbc1
Be6 22. Rd2 Qb6 23. Rcd1 Qa5 24. Qe3 Bc8 25. f4 Re6 26. f5 Ree8 27. Qf4 Nh5 28.
Qh4 Nf6 29. Nf3 Nh7 30. Kh1 b5 31. a3 b4 32. axb4 Qxb4 33. d5 c5 34. d6 Nf6 35.
Nd5 Nxd5 36. Rxd5 Bb7 37. d7 Rf8 38. Re5 f6 39. Re6 Qa4 40. Red6 Qxe4 41. Qxe4
Bxe4 42. Nh4 Bc2 43. Rc1 Ba4 44. Rxc5 Rxd7 45. Rxd7 Bxd7 46. Rc7 Rd8 47. Rxa7
Bc6 48. Rc7 Be4 49. Kh2 Kh7 50. Rc4 Bd3 51. Rb4 h5 52. Kg3 Kh6 53. Kf4 Bb1 54.
Nf3 Rd5 55. Nh4 Rd2 56. g4 Re2 57. Nf3 Rf2 58. Kg3 Re2 59. Rb8 Kh7 60. b4 hxg4
61. hxg4 Rb2 62. Nh4 g5 63. Rb7+ Kg8 64. Rb8+ Kg7 65. Nf3 Be4 66. Re8 Bxf3 67.
Kxf3 Rxb4 {Game drawn by mutual agreement} 1/2-1/2

[Event "Team 45 45 League T79"]
[Site "Internet Chess Club"]
[Date "2019.01.05"]
[Round "2"]
[White "primerpaso"]
[Black "Sadhana"]
[Result "1-0"]
[WhiteElo "1789"]
[BlackElo "1900"]
[Opening "English: symmetrical, Botvinnik system reversed"]
[ECO "A37"]
[Time "09:02:40"]
[TimeControl "2700+45"]

1. c4 c5 2. Nc3 Nc6 3. g3 g6 4. Bg2 Bg7 5. Nf3 e5 6. e4 Nge7 7. d3 d6 8. Be3 O-O
9. O-O f5 10. Qd2 f4 11. gxf4 Nd4 12. Ne1 Nec6 13. fxe5 dxe5 14. Bg5 Bf6 15. f4
exf4 16. Bxf4 Bg4 17. Bh6 Bg7 18. Rxf8+ Qxf8 19. Bxg7 Kxg7 20. Qg5 Be6 21. Qg3
Rd8 22. Rd1 a6 23. Nf3 Qf6 24. Ng5 Bg8 25. Rf1 Qe7 26. Nf3 b5 27. cxb5 axb5 28.
Nxd4 Nxd4 29. Qf2 Rd7 30. b4 Ne6 31. Nd5 Qg5 32. Qb2+ Nd4 33. bxc5 Qe5 34. Qd2
Rxd5 35. exd5 Bxd5 36. Re1 Qf5 37. Qf2 Nf3+ 38. Bxf3 Bxf3 39. Re7+ Kf6 40. Re3
Bc6 41. d4 Qxf2+ 42. Kxf2 Bd5 43. a3 Bc6 44. Kg3 g5 45. Kg4 Bd7+ 46. Kh5 Bc6 47.
Re5 Bf3+ 48. Kh6 g4 49. Kxh7 Bc6 50. Kg8 Bf3 51. Kf8 Bc6 52. Re3 Kf5 53. Ke7 Kf4
54. Re5 Kf3 55. d5 {Black resigns} 1-0

[Event "Team 45 45 League T79"]
[Site "Internet Chess Club"]
[Date "2019.01.06"]
[Round "2"]
[White "LookImYourVader"]
[Black "Portola"]
[Result "1/2-1/2"]
[WhiteElo "1844"]
[BlackElo "1763"]
[Opening "QGD: Orthodox defense, Rubinstein variation"]
[ECO "D61"]
[Time "17:01:13"]
[TimeControl "2700+45"]

1. d4 d5 2. c4 e6 3. Nc3 Nf6 4. Bg5 Be7 5. e3 Nbd7 6. Nf3 O-O 7. Qc2 c6 8. Bd3
h6 9. Bf4 dxc4 10. Bxc4 Nb6 11. Be2 Nbd5 12. Bg3 Re8 13. O-O Bd6 14. Bxd6 Qxd6
15. e4 Nxc3 16. bxc3 Qe7 17. Ne5 Qc7 18. a4 a6 19. a5 Rd8 20. Nc4 c5 21. e5 Nd5
22. Rfc1 cxd4 23. cxd4 Bd7 24. Nd6 Qxc2 25. Rxc2 Bc6 26. Rb1 Rd7 27. Bf3 Kf8 28.
Bxd5 Bxd5 29. Rcb2 Rb8 30. Rb6 Ra8 31. f4 Rc7 32. g3 Kg8 33. Nxb7 Rc2 34. Nc5
Rg2+ 35. Kf1 Rxh2 36. Rb8+ Rxb8 37. Rxb8+ Kh7 38. Rb6 Ra2 39. Nxa6 Rxa5 40. Nb4
Be4 41. Nc6 Ra3 42. Ne7 Rxg3 43. f5 Rd3 44. fxe6 fxe6 45. Rxe6 Rxd4 46. Rd6 Bd3+
47. Kf2 Rxd6 48. exd6 Bb5 49. Nd5 g5 50. d7 Bxd7 51. Nf6+ Kg6 52. Nxd7 Kf5 53.
Nc5 h5 54. Nd3 h4 55. Kg2 g4 56. Nf2 g3 57. Nh3 Ke4 58. Ng5+ Ke3 59. Nh3 Ke2 60.
Ng1+ Ke3 61. Nh3 Ke2 62. Nf4+ Ke3 63. Nh3 Ke2 {Game drawn by repetition} 1/2-1/2

[Event "Team 45 45 League T79"]
[Site "Internet Chess Club"]
[Date "2019.01.06"]
[Round "2"]
[White "andrew37"]
[Black "lazyLion"]
[Result "0-1"]
[WhiteElo "1661"]
[BlackElo "1769"]
[Opening "French defense, Steiner variation"]
[ECO "A13"]
[Time "14:30:53"]
[TimeControl "2700+45"]

1. c4 e6 2. e4 d5 3. exd5 exd5 4. cxd5 Nf6 5. Nc3 Nxd5 6. Bc4 Nxc3 7. bxc3 Bd6
8. Qf3 O-O 9. Ne2 Nc6 10. d4 Qh4 11. g3 Qh3 12. Nf4 Bxf4 13. Qxf4 Qg2 14. Rf1
Bh3 15. Ba3 Rae8+ 16. Kd2 Re4 17. Bd5 Qxf1 18. Rxf1 Rxf4 19. Rb1 Rxf2+ 20. Ke3
Rxh2 21. Bxf8 Kxf8 22. Rxb7 Nd8 23. Rxc7 Ne6 24. Rxa7 Bf1 25. a4 Re2+ 26. Kf3
Rc2 27. a5 Bg2+ 28. Ke3 Bxd5 {White resigns} 0-1

[Event "Team 45 45 League T79"]
[Site "Internet Chess Club"]
[Date "2019.01.06"]
[Round "2"]
[White "MathBandit"]
[Black "evan7284"]
[Result "1-0"]
[WhiteElo "1559"]
[BlackElo "1553"]
[Opening "Petrov: Cochrane gambit"]
[ECO "C42"]
[Time "09:00:48"]
[TimeControl "2700+45"]

1. e4 e5 2. Nf3 Nf6 3. Nxe5 d6 4. Nxf7 Kxf7 5. d4 c5 6. Bc4+ Be6 7. Bxe6+ Kxe6
8. O-O Be7 9. dxc5 dxc5 10. Qf3 Qc7 11. Qf5+ Kf7 12. e5 g6 13. Qf4 Kg8 14. Qc4+
Kg7 15. exf6+ Bxf6 16. Bf4 Qb6 17. Nc3 Qxb2 18. Rab1 Qxc3 19. Rxb7+ Kf8 20. Qf7#
{Black checkmated} 1-0

[Event "Team 45 45 League T79"]
[Site "Internet Chess Club"]
[Date "2019.01.05"]
[Round "2"]
[White "idjit"]
[Black "az2112"]
[Result "1-0"]
[WhiteElo "1610"]
[BlackElo "1412"]
[Opening "Sicilian: Grand Prix attack"]
[ECO "B23"]
[Time "11:00:33"]
[TimeControl "2700+45"]

1. e4 c5 2. Nc3 Nc6 3. f4 d6 4. Nf3 Nf6 5. Bb5 Bd7 6. O-O a6 7. Bxc6 Bxc6 8. d3
e6 9. Qe1 Be7 10. e5 Nd5 11. Qg3 O-O 12. Ne4 Nb4 13. f5 Bxe4 14. Bh6 g6 15. dxe4
Re8 16. f6 Bf8 17. Qh3 dxe5 18. Ng5 Be7 19. Nxh7 Qd4+ 20. Kh1 Qxe4 21. fxe7 Rxe7
{Black resigns} 1-0

[Event "Team 45 45 League T79"]
[Site "Internet Chess Club"]
[Date "2019.01.07"]
[Round "2"]
[White "chuckh2"]
[Black "Kingfisher75"]
[Result "0-1"]
[WhiteElo "1369"]
[BlackElo "1544"]
[Opening "Queen's pawn: London system"]
[ECO "A45"]
[Time "19:00:34"]
[TimeControl "2700+45"]

1. d4 Nf6 2. Bf4 g6 3. e3 Bg7 4. Be2 d6 5. c4 O-O 6. Nc3 c5 7. d5 a6 8. a4 Bf5
9. Bd3 Bxd3 10. Qxd3 Nbd7 11. Nf3 Nh5 12. O-O Nxf4 13. exf4 f5 14. Rab1 Re8 15.
Ng5 Nf8 16. Rfe1 h6 17. Ne6 Nxe6 18. Rxe6 Bf6 19. Qg3 Kf7 20. Qh3 Rh8 21. Rbe1
Qd7 22. b3 Rae8 23. R1e3 Reg8 24. Kf1 Qc7 25. Qf3 Re8 26. Ne2 Qa5 27. g4 fxg4
28. Qxg4 h5 29. Qg2 Qd2 30. Kg1 Qe1+ 31. Qf1 Qxf1+ 32. Kxf1 h4 33. h3 Rh5 34.
Kg2 Rg8 35. Kh1 Rf5 36. R3e4 g5 37. f3 gxf4 38. Kh2 Rfg5 39. Nxf4 Be5 40. Rh6
Rg2+ 41. Kh1 Rg1+ 42. Kh2 R8g2# {White checkmated} 0-1

[Event "Team 45 45 League T79"]
[Site "Internet Chess Club"]
[Date "2019.01.05"]
[Round "2"]
[White "Packerfan"]
[Black "Portola"]
[Result "0-1"]
[WhiteElo "1678"]
[BlackElo "1759"]
[Opening "French: Rubinstein variation"]
[ECO "C10"]
[Time "14:00:26"]
[TimeControl "2700+45"]

1. e4 e6 2. d4 d5 3. Nc3 dxe4 4. Nxe4 Be7 5. Nf3 Nd7 6. Bd3 Ngf6 7. Bg5 O-O 8.
c3 b6 9. O-O Bb7 10. Re1 c5 11. dxc5 bxc5 12. Qe2 Qc7 13. Rad1 Rfe8 14. Bb1 Rad8
15. Nxf6+ Nxf6 16. Ne5 Qc8 17. Bxf6 Bxf6 18. Qh5 g6 19. Nxg6 hxg6 20. Bxg6 fxg6
21. Qxg6+ Bg7 22. f3 Rxd1 23. Rxd1 Bd5 24. b3 c4 25. Rd4 Re7 26. b4 Qf8 27. Rg4
Qf5 28. Kf2 Qxg6 29. Rxg6 Kf7 30. Rg4 Bxc3 31. b5 Ba5 32. Ke2 c3 33. Kd3 Rc7 34.
Kc2 Bxa2 35. Ra4 Bb3+ {White resigns} 0-1

[Event "Team 45 45 League T79"]
[Site "Internet Chess Club"]
[Date "2019.01.03"]
[Round "2"]
[White "JWB"]
[Black "Gojira"]
[Result "1-0"]
[WhiteElo "1604"]
[BlackElo "1654"]
[Opening "Sicilian: closed"]
[ECO "B24"]
[Time "08:07:26"]
[TimeControl "2700+45"]

1. e4 c5 2. Nc3 Nc6 3. g3 g6 4. Bg2 Bg7 5. Nge2 Nf6 6. O-O e6 7. f4 d6 8. d3 Ne7
9. h3 b6 10. e5 Nfd5 11. exd6 Qxd6 12. Nb5 Qd7 13. c4 Bb7 14. cxd5 Qxb5 15. dxe6
Bxg2 16. exf7+ Kxf7 17. Kxg2 Rhd8 18. Rf3 Rd7 19. Nc3 Qc6 20. Qb3+ Kf8 21. Ne4
Nf5 22. Be3 Rad8 23. Ng5 Nxe3+ 24. Kf2 Nd5 25. Nxh7+ Kg8 26. Ng5 Bd4+ 27. Kg2
Kg7 28. Re1 Bf6 29. Ne6+ Kh6 30. Nxd8 Rxd8 31. Kh2 Bd4 32. Qc2 Nb4 33. Qe2 Bxb2
34. Qe4 Qd6 35. f5 g5 36. Qg4 Qf6 37. Re6 Rd4 38. Rxf6+ {Black resigns} 1-0

[Event "Team 45 45 League T79"]
[Site "Internet Chess Club"]
[Date "2019.01.03"]
[Round "2"]
[White "Bizzy-Ketty"]
[Black "rubo"]
[Result "0-1"]
[WhiteElo "1583"]
[BlackElo "1561"]
[Opening "Caro-Kann: exchange, Rubinstein variation"]
[ECO "B13"]
[Time "17:01:30"]
[TimeControl "2700+45"]

1. e4 c6 2. d4 d5 3. exd5 cxd5 4. Bd3 Nc6 5. c3 Nf6 6. Bf4 e6 7. Nf3 Be7 8. O-O
O-O 9. Bc2 Ne4 10. Qd3 f5 11. Nbd2 b6 12. b4 Bb7 13. a3 Rc8 14. c4 Nb8 15. Bb3
Nd7 16. Rac1 g5 17. Be5 g4 18. Ne1 Bg5 19. f4 gxf3 20. Nexf3 Nxe5 21. dxe5 Bxd2
22. Nxd2 Qd7 23. Rf4 Rfd8 24. Nf3 Ba6 25. Nd2 Qg7 26. Nxe4 fxe4 27. Qg3 Qxg3 28.
hxg3 dxc4 29. Bc2 e3 30. Re4 Bb7 31. Rxe3 Rd2 32. Kf1 Rf8+ 33. Ke1 Rxg2 34. Ba4
Rg1+ 35. Kd2 Rf2+ 36. Re2 Rxe2+ 37. Kxe2 Rxc1 38. Kd2 Rg1 39. Bd7 Bd5 40. Kc3
Rxg3+ {White resigns} 0-1

[Event "Team 45 45 League T79"]
[Site "Internet Chess Club"]
[Date "2019.01.05"]
[Round "2"]
[White "g8wrb"]
[Black "tryanything"]
[Result "0-1"]
[WhiteElo "1432"]
[BlackElo "1497"]
[Opening "Vienna game"]
[ECO "C28"]
[Time "16:00:24"]
[TimeControl "2700+45"]

1. e4 Nc6 2. Nc3 e5 3. Bc4 Nf6 4. d3 d6 5. Bg5 Be7 6. Nf3 Bg4 7. Qd2 h6 8. Bh4
Nh5 9. Bg3 Bxf3 10. gxf3 Nd4 11. O-O-O Bg5 12. f4 Nxf4 13. Kb1 Nfe2 14. Qe1
Nxc3+ 15. Qxc3 Qd7 16. h3 O-O-O 17. Qa5 Kb8 18. h4 Bf4 19. Bxf4 exf4 20. Qb4 c5
21. Qc3 f6 22. Rhg1 Ne2 {White resigns} 0-1

[Event "Team 45 45 League T79"]
[Site "Internet Chess Club"]
[Date "2019.01.04"]
[Round "2"]
[White "Ajolote"]
[Black "warsaviensis"]
[Result "1/2-1/2"]
[WhiteElo "1916"]
[BlackElo "1671"]
[Opening "Pirc: Ufimtsev-Pytel variation"]
[ECO "B07"]
[Time "12:03:55"]
[TimeControl "2700+45"]

1. e4 d6 2. d4 Nf6 3. Nc3 c6 4. g3 Nbd7 5. Bg2 e5 6. Nge2 b5 7. a3 Bb7 8. h3 a5
9. Be3 b4 10. Nb1 Be7 11. O-O O-O 12. Nd2 Qc7 13. f4 Ba6 14. g4 Qb6 15. Kh1 exd4
16. Nxd4 Bxf1 17. Qxf1 c5 18. Nf5 Rae8 19. g5 Nh5 20. Bf3 g6 21. Nh6+ Kh8 22.
Bxh5 gxh5 23. Qc4 Qb7 24. Nf3 Nb6 25. Qd3 d5 26. e5 d4 27. Bd2 c4 28. Qe2 c3 29.
bxc3 bxc3 30. Be1 Bc5 31. Kh2 Nd5 32. Bg3 Ne3 33. Rg1 Qe4 34. Qf2 Rb8 35. g6
fxg6 36. Ng5 Qxc2 37. Ne6 Qxf2+ 38. Bxf2 Rfc8 39. Nf7+ Kg8 40. Nh6+ {Game drawn
by mutual agreement} 1/2-1/2

[Event "Team 45 45 League T79"]
[Site "Internet Chess Club"]
[Date "2019.01.13"]
[Round "2"]
[White "ascoli"]
[Black "Insan996"]
[Result "1-0"]
[WhiteElo "1681"]
[BlackElo "1619"]
[Opening "English: symmetrical, hedgehog system"]
[ECO "A05"]
[Time "11:19:14"]
[TimeControl "2700+45"]

1. Nf3 Nf6 2. c4 e6 3. Nc3 b6 4. g3 Bb7 5. Bg2 c5 6. O-O Be7 7. d4 cxd4 8. Nxd4
Bxg2 9. Kxg2 O-O 10. e4 Nc6 11. f3 Nxd4 12. Qxd4 Qc7 13. Rd1 Rac8 14. b3 a6 15.
Bf4 Bc5 16. Bxc7 Bxd4 17. Rxd4 Rxc7 18. Rad1 e5 19. Rd6 b5 20. Nd5 Nxd5 21.
R1xd5 bxc4 22. bxc4 Rxc4 23. Rxa6 f6 24. Rxd7 Rd4 25. Rc7 Rb8 26. Raa7 {Black
resigns} 1-0